Workbook
Name __xlfn_COUNTIFS: NA()
Name __xlfn_CUBESETCOUNT: NA()
Name BDI: Resumo!$K$7
Name CPA: Resumo!$K$9
Name LSO: Resumo!$K$8
Name OGU: Resumo!$K$10
Name TOTAL: Resumo!$K$11
Name TotalEventos: SUM(TotalPorEvento)

Sheet Resumo
G6: REFERÊNCIAS:
B7: OBJETO: CONSTRUÇÃO DE PORTAL DE ENTRADA | G7: SINAPI: DEZEMBRO/2023
B8: LOCAL: ZONA URBANA - DEMERVAL LOBÃO | G8: ORSE: DEZEMBRO./2023
G9: TABELAS S/ DESONERAÇÃO
G10: BDI: 21,99% ; LSO: 114,54 %
B13: RESUMO DO ORÇAMENTO
B15: ÍTEM | C15: D I S C R I M I N A Ç Ã O | D15: UNID. | E15: QUANT. | F15: V. UNIT. (R$) | G15: V. TOTAL (R$) | H15: REFERÊNCIA
B17: 1.0 | C17: ELABORAÇÃO DO PROJETO | D17: un | E17: 0 | F17: 8520.57 | G17: 0 | H17: Proposta SICONV
B18: 1.0 | C18: PLACA DA OBRA | D18: m² | E18: 1 | F18: 1420.41 | G18: =E18*F18 -> 1420.41 | H18: Composição 01
B19: 2.0 | C19: ADMINISTRAÇÃO LOCAL | D19: mês | E19: 3 | F19: =Composições!I49 -> 6696.3971 | G19: =E19*F19 -> 20089.191 | H19: Composição 02
B20: 3.0 | C20: CONSTRUÇÃO DE PRAÇA PÚBLICA | D20: un | E20: 1 | F20: 0 | G20: 0 | H20: Planilha em Anexa
B21: 4.0 | C21: CONSTRUÇÃO DE PORTAL DE ENTRADA | D21: un | E21: 1 | F21: ='Orç Portal'!G106 -> 490154.3 | G21: =E21*F21 -> 490154.3 | H21: Planilha em Anexa
B23: TOTAL GERAL (R$) | G23: =G18+G19+G21 -> 511663.9

Sheet Orç Portal
B7: OBJETO: CONSTRUÇÃO DE PORTAL DE ENTRADA | G7: REFERÊNCIAS:
B8: LOCAL: ZONA URBANA - DEMERVAL LOBÃO | G8: SINAPI: DEZEMBRO/2023
G9: ORSE: DEZEMBRO./2023
G10: TABELAS S/ DESONERAÇÃO
G11: BDI: 21,99% ; LSO: 114,54 %
B13: PLANILHA ORÇAMENTÁRIA - PORTAL
B15: ÍTEM | C15: D I S C R I M I N A Ç Ã O | D15: UNID. | E15: QUANT. | F15: V. UNIT. | G15: V. TOTAL | H15: REFERÊNCIA SINAPI
B17: 1.0 | C17: SERVIÇOS PRELIMINARES
B18: 1.1 | C18: Tapume de proteção em tela de polietileno h=2,20 com bloco de concreto | D18: m | E18: ='Mem. Portal'!P16 -> 42.1432 | F18: =Composições!I67 -> 45.204858 | G18: =E18*F18 -> 1905.0774 | H18: Composição 03
B19: 1.2 | C19: Limpeza do terreno | D19: m² | E19: ='Mem. Portal'!P17 -> 50.15 | F19: 3.61 | G19: =E19*F19 -> 181.0415 | H19: 98524
B20: 1.3 | C20: Locação da obra com gabarito de madeira | D20: m² | E20: ='Mem. Portal'!P18 -> 50.15 | F20: 1.88 | G20: =E20*F20 -> 94.282 | H20: Composição 04
G21: =SUM(G18:G20) -> 2180.4009
B22: 2.0 | C22: MOVIMENTO DE TERRA
B23: 2.1 | C23: Escavação manual de valas p/ fundação de blocos em concreto ciclópico | D23: m³ | E23: 0 | F23: 97.48 | G23: 0 | H23: 93358
B24: 2.1 | C24: Escavação manual de valas p/ fundação de sapatas em concreto armado fck=25 MPa | D24: m³ | E24: ='Mem. Portal'!P22 -> 69.36 | F24: 97.48 | G24: =E24*F24 -> 6761.2128 | H24: 93358
B25: 2.2 | C25: Apiloamento manual do fundo de valas | D25: m² | E25: ='Mem. Portal'!P24 -> 46.24 | F25: 7.25 | G25: =E25*F25 -> 335.24 | H25: 101616
B26: 2.3 | C26: Reaterro de vala com compactação manual | D26: m³ | E26: ='Mem. Portal'!P25 -> 34.68 | F26: 29.24 | G26: =E26*F26 -> 1014.0432 | H26: 93382
B27: 2.4 | C27: Escavação e carga de material de jazida p/ aterro | D27: m³ | E27: ='Mem. Portal'!P26 -> 39.15 | F27: 17.05 | G27: =E27*F27 -> 667.5075 | H27: 101125
B28: 2.5 | C28: Transporte de material de jazida DMT= 4,9 km em rodovia pavimentada | D28: m³ | E28: ='Mem. Portal'!P27 -> 58.26 | F28: 2.56 | G28: =E28*F28 -> 149.1456 | H28: 95876
B29: 2.6 | C29: Execução e compactação de aterro com solo predominantemente argiloso | D29: m³ | E29: ='Mem. Portal'!P28 -> 67.45 | F29: 14.13 | G29: =E29*F29 -> 953.0685 | H29: 96385
G30: =SUM(G24:G29) -> 9880.2176
B31: 3.0 | C31: INFRAESTRUTURA
B32: 3.1 | C32: Fundação em pedra argamassada | D32: m³ | E32: 0
B33: 3.1 | C33: Base em concreto simples p/blocos em concreto ciclópico e=5,0 cm | D33: m² | E33: 0 | F33: 45.42 | G33: 0 | H33: 95241
B34: 3.1 | C34: Lastro de concreto magro, aplicado sobre solo e=0,5cm | D34: m³ | E34: ='Mem. Portal'!P33 -> 4.624 | F34: 45.42 | G34: =E34*F34 -> 210.02208 | H34: 95241
B35: 3.3 | C35: Bloco de concreto ciclópico dos pilares | D35: m130 | E35: 0 | F35: 898.49 | G35: 0 | H35: 102487
B36: 3.2 | C36: Concreto fck=25 MPa p/sapata em concreto armado | D36: m³ | E36: ='Mem. Portal'!P35 -> 47.21 | F36: 798.05 | G36: =E36*F36 -> 37675.94 | H36: 94965
B37: 3.3 | C37: Lançamento de concreto fck=25 MPa p/sapata de concreto armado | D37: m³ | E37: ='Mem. Portal'!P36 -> 47.21 | F37: 47.48 | G37: =E37*F37 -> 2241.5308 | H37: 103673
B38: 3.5 | C38: Armação de estrutura de concreto armado aço CA-60 de 5,0 mm - montagem | D38: kg | E38: 0 | F38: 20.54 | G38: 0 | H38: 96544
B39: 3.6 | C39: Armação de estrutura de concreto armado aço CA-50 de 10,0 mm - montagem | D39: kg | E39: 0 | F39: 16.88 | G39: 0 | H39: 96546
B40: 3.4 | C40: Forma plana para sapata em concreto armado, em madeira maciça, 04 usos, inclusive escoramento | D40: m² | E40: ='Mem. Portal'!P39 -> 15.5 | F40: 82.4 | G40: =E40*F40 -> 1277.2 | H40: Composição 15
G41: =SUM(G34:G40) -> 41404.693
B42: 4.0 | C42: SUPERESTRUTURA
B43: 4.1 | C43: Concreto fck=25 MPa p/ vigas | D43: m³ | E43: ='Mem. Portal'!P42 -> 6.75 | F43: 761.23 | G43: =E43*F43 -> 5138.3025 | H43: 94964
B44: 4.2 | C44: Concreto fck=25 MPa p/pilar | D44: m³ | E44: ='Mem. Portal'!P43 -> 18.56 | F44: 798.05 | G44: =E44*F44 -> 14811.808 | H44: 94965
B45: 4.3 | C45: Lançamento de concreto fck=25 MPa p/vigas | D45: m³ | E45: ='Mem. Portal'!P44 -> 6.75 | F45: 339.44 | G45: =E45*F45 -> 2291.22 | H45: 103670
B46: 4.4 | C46: Lançamento de concreto fck=25 MPa p/pilar | D46: m³ | E46: ='Mem. Portal'!P45 -> 18.56 | F46: 339.44 | G46: =E46*F46 -> 6300.0064 | H46: 103670
B47: 4.5 | C47: Armação de estrutura de concreto armado aço CA-60 de 5,0 mm - montagem | D47: kg | E47: ='Mem. Portal'!P46 -> 656.24 | F47: 18.04 | G47: =E47*F47 -> 11838.57 | H47: 92759
B48: 4.14 | C48: Armação de estrutura de concreto armado aço CA-50 de 6,3 mm - montagem | D48: KG | E48: ='Mem. Portal'!P48 -> 729.45 | F48: 17.29 | G48: =E48*F48 -> 12612.191 | H48: 92760
B49: 4.7 | C49: Armação de estrutura de concreto armado aço CA-50 de 8,0 mm - montagem | D49: kg | E49: ='Mem. Portal'!P49 -> 655.16 | F49: 16.44 | G49: =E49*F49 -> 10770.83 | H49: 92761
B50: 4.8 | C50: Armação de estrutura de concreto armado aço CA-50 de 10,0 mm - montagem | D50: kg | E50: ='Mem. Portal'!P50 -> 591.42 | F50: 14.76 | G50: =E50*F50 -> 8729.3592 | H50: 92762
B51: 4.9 | C51: Armação de estrutura de concreto armado aço CA-50 de 12,5 mm - montagem | D51: kg | E51: ='Mem. Portal'!P51 -> 2354.16 | F51: 12.47 | G51: =E51*F51 -> 29356.375 | H51: 92763
B52: 4.10 | C52: Montagem e desmontagem de fôrma de pilares retangulares em madeira serrada, 4 utilizações | D52: m² | E52: ='Mem. Portal'!P52 -> 181 | F52: 59.43 | G52: =E52*F52 -> 10756.83 | H52: 92443
B53: 4.11 | C53: Montagem e desmontagem de fôrma de viga, escoramento com pontalete de madeira, em madeira serrada, 4 utilizações | D53: m² | E53: ='Mem. Portal'!P53 -> 45 | F53: 161.84 | G53: =E53*F53 -> 7282.8 | H53: 92448
G54: =SUM(G43:G53) -> 119888.29
B55: 5.0 | C55: PISOS
B56: 5.1 | C56: Revestimento em pedra são tome assentado sobre argamassa 1:3 (cimento e areia) rejuntado com cimento branco | D56: m² | E56: 0 | G56: 0 | H56: 73743/1
B57: 5.1 | C57: Lastro de concreto magro, aplicado em pisos, lajes sobre solo ou radiers | D57: m³ | E57: ='Mem. Portal'!P56 -> 0.8 | F57: 345.36 | G57: =E57*F57 -> 276.288 | H57: 96620
B58: 5.2 | C58: Piso cimentado traço 1:3 (cimento e areia) acabamento liso pigmentado espessura 2,0cm com juntas plasticas de dilatacao e argamassa em preparo manual | D58: m² | E58: ='Mem. Portal'!P57 -> 20 | F58: 48.92 | G58: =E58*F58 -> 978.4 | H58: 98679
B59: 5.3 | C59: Assentamento de meio-fio, em concreto pré-fabricado, dimensões 100x15x13x30 cm (comp. x base inf. x base sup. x alt.), para calçada | D59: m | E59: 0 | F59: 56.03 | G59: 0 | H59: 94273
B60: 5.2 | C60: Assentamento de meio-fio, em concreto pré-fabricado, dimensões 100x15x7x30 cm (comp. x base inf. x base sup. x alt.), para jardim | D60: m | E60: 0 | G60: 0 | H60: Composição 06
B61: 5.4 | C61: Plantio de grama esmeralda em rolo | D61: m² | E61: 0 | G61: 0 | H61: 85180
B62: 5.4 | C62: Pavimentação em bloco de concreto, intertravado, dim. 20 x 10 cm, e = 6,0 cm (cor cinza) | D62: m² | E62: 0 | F62: 80.17 | G62: 0 | H62: 92396
B63: 5.5 | C63: Pavimentação em bloco de concreto, intertravado, dim. 20 x 10 cm, e = 6,0 cm (cor vermelha) | D63: m² | E63: 0 | F63: 88.05 | G63: 0 | H63: 93679
B64: 5.4 | C64: Piso cimentado com concreto moldado in loco, fck = 20MPa | D64: un | E64: 0 | G64: 0 | H64: Composição 08
B65: 5.3 | C65: Piso tátil direcional de concreto 25x25 cm | D65: m² | E65: 0 | G65: 0 | H65: Composição 03
B66: 5.4 | C66: Piso tátil de alerta de concreto 25x25 cm | D66: m² | E66: 0 | G66: 0 | H66: Composição 03
G67: =G57+G58 -> 1254.688
B68: 6.0 | C68: PAREDES E PAINÉIS
B69: 6.1 | C69: alvenaria de vedação de blocos cerâmicos furados na horizontal de 9x14x19 cm (espessura 9 cm) e argamassa de assentamento com preparo em betoneira | D69: m³ | E69: 0 | F69: 138.76 | G69: 0 | H69: 103332
G70: 0
B71: 6.0 | C71: ESTRUTURA METÁLICA
B72: 6.1 | C72: Instalação e fornecimento de estrutura metálica treliçada, em aço, incluso içamento, chumbadores e ACM | D72: un | E72: ='Mem. Portal'!P72 -> 2 | F72: =Composições!I169 -> 105288.67 | G72: =E72*F72 -> 210577.34 | H72: Composição 06
B73: 6.2 | C73: Instalação e fornecimento de estrutura metálica para fachada em ACM | D73: un | E73: ='Mem. Portal'!P73 -> 2 | F73: =Composições!I190 -> 10205.933 | G73: =E73*F73 -> 20411.865 | H73: Composição 07
B74: 6.3 | C74: Chapim em concreto pre-moldado com largura de 17 cm e esp.= 2,5 cm | D74: m | E74: ='Mem. Portal'!P74 -> 3.8 | F74: 32.83 | G74: =E74*F74 -> 124.754 | H74: Composição 08
B75: 6.4 | C75: Revestimento acrilico transparente | D75: m² | E75: ='Mem. Portal'!P75 -> 21.05 | F75: 237.59 | G75: =E75*F75 -> 5001.2695 | H75: Composição 09
B76: 6.5 | C76: Revestimento dos pilaresem chapa de alumínio duplo composto (ACM) - cor amarela | D76: m² | E76: ='Mem. Portal'!P76 -> 31.45 | F76: 616.35 | G76: =E76*F76 -> 19384.208 | H76: Composição 10
B77: 6.6 | C77: Revestimento dos pilaresem chapa de alumínio duplo composto (ACM) - cor cinza | D77: m² | E77: ='Mem. Portal'!P77 -> 25.51 | F77: 616.35 | G77: =E77*F77 -> 15723.089 | H77: Composição 10
B78: 6.7 | C78: Placa em acrílico branco leitoso, e=10mm 40x40cm | D78: m² | E78: ='Mem. Portal'!P78 -> 12.95 | F78: 429.99 | G78: =E78*F78 -> 5568.3705 | H78: Composição 11
B79: 6.8 | C79: Placa em acrílico branco leitoso, e=10mm 70x70cm | D79: m² | E79: ='Mem. Portal'!P79 -> 24.15 | F79: 429.99 | G79: =E79*F79 -> 10384.258 | H79: Composição 11
G80: =SUM(G72:G79) -> 287175.15
B81: 7.0 | C81: INSTALAÇÕES
B82: 7.1 | C82: Instalações elétricas | D82: un | E82: 1 | F82: 11574.88 | G82: =F82 -> 11574.88 | H82: Planilha em anexo
G83: =G82 -> 11574.88
B84: 8.0 | C84: REVESTIMENTO
B85: 8.1 | C85: Chapisco em argamassa traço 1:3 e=0,5 cm | D85: m² | E85: ='Mem. Portal'!P85 -> 31.76 | F85: 6.04 | G85: =E85*F85 -> 191.8304 | H85: 87878
B86: 8.2 | C86: Reboco paulista em argamassa 1:2:8, esp.= 2cm | D86: m² | E86: ='Mem. Portal'!P86 -> 31.76 | F86: 51.37 | G86: =E86*F86 -> 1631.5112 | H86: 87530
B87: 8.3 | C87: Revestimento em pedra são tome assentado sobre argamassa ACIII | D87: m² | E87: ='Mem. Portal'!P88 -> 31.76 | F87: 287.04 | G87: =E87*F87 -> 9116.3904 | H87: Composição 12
B88: 8.4 | C88: Plotagem de adesivo vinil em letreiro (c/aplicação) | D88: m² | E88: ='Mem. Portal'!P89 -> 17.85 | F88: 187.11 | G88: =E88*F88 -> 3339.9135 | H88: Composição 13
G89: =SUM(G85:G88) -> 14279.646
B90: 9.0 | C90: PINTURA
B91: 10.1 | C91: Pintura esmalte alto brilho, duas demãos, sobre superfície metálica | D91: m² | E91: 0 | F91: 29.72 | G91: 0 | H91: 100721
B92: 9.1 | C92: Aplicação manual de pintura com tinta látex acrílica em paredes, duas demãos | D92: m² | E92: 0 | F92: 14.31 | G92: 0 | H92: 88489
B93: 9.2 | C93: Artística letreiro portal em esmalte sintético | D93: m² | E93: 0 | G93: 0 | H93: 73924/1
B94: 9.3 | C94: Letreiro metálico do portal | D94: m | E94: 0 | G94: 0 | H94: Composição 11
B95: 8.4 | C95: Verniz brilhante em parede de pedra | D95: m² | E95: 0 | G95: 0 | H95: 84663
G96: 0
B97: 11.0 | C97: JARDINAGEM
B98: 11.1 | C98: Fornecimento e espalhamento de terra vegetal preparada, esp. = 5,0 cm | D98: m³ | E98: 0 | F98: #REF! | G98: #REF! | H98: #REF!
B99: 11.2 | C99: Plantio de grama em placas | D99: m² | E99: 0 | F99: 19.65 | G99: 0 | H99: 98504
B100: 11.3 | C100: Fornecimento e plantio de Lança de São Jorge | D100: un | E100: 0 | F100: 44.89 | G100: 0 | H100: Composição 14
G101: #REF!
B102: 9.0 | C102: SERVIÇOS FINAIS
B103: 9.1 | C103: Limpeza final da obra | D103: m² | E103: ='Mem. Portal'!P111 -> 42.56 | F103: 2.22 | G103: =E103*F103 -> 94.4832 | H103: 99814
B104: 9.2 | C104: Remoção de entulho com transporte em caminhão basculante 6 m³ | D104: m³ | E104: ='Mem. Portal'!P112 -> 70.28 | F104: 34.46 | G104: =E104*F104 -> 2421.8488 | H104: Composição 05
G105: =SUM(G103:G104) -> 2516.332
B106: TOTAL GERAL (R$) | G106: =G105+G89+G83+G80+G67+G54+G41+G30+G21 -> 490154.3

Sheet Mem. Portal
O4: REFERÊNCIAS:
B5: OBJETO: CONSTRUÇÃO DE PORTAL DE ENTRADA | O5: SINAPI: DEZEMBRO/2023
B6: LOCAL: ZONA URBANA - DEMERVAL LOBÃO | O6: ORSE: DEZEMBRO./2023
O7: TABELAS S/ DESONERAÇÃO
O8: BDI: 21,99% ; LSO: 114,54 %
B11: MEMÓRIA DE CÁLCULO - PORTAL
B13: ÍTEM | C13: SERVIÇOS | D13: LOCAL | E13: TRECHO | F13: UNID. | G13: TIPO | H13: QUANT. | I13: COMPR. (m) | J13: LARGURA (m) | K13: ALTURA (m) | L13: ÁREA (m²) | M13: VOLUME (m³) | N13: SUBTRAIR | O13: TOTAL | P13: TOTAL ÍTEM | Q13: OBSERVAÇÃO
B15: 1.0 | C15: SERVIÇOS PRELIMINARES
B16: 1.1 | C16: Tapume de proteção em tela de polietileno h=2,20 com bloco de concreto | E16: 1 | F16: m | G16: dem1 | H16: 1 | I16: 19.156 | K16: 2.2 | L16: =H16*I16*K16 -> 42.1432 | M16: 0 | N16: 0 | O16: =L16 -> 42.1432 | P16: =O16 -> 42.1432 | Q16: Perímetro da Área de Construção
B17: 1.2 | C17: Limpeza do terreno | E17: 1 | F17: m² | G17: loc1 | H17: 1 | I17: 50.15 | J17: 1 | L17: =H17*I17*J17 -> 50.15 | M17: 0 | N17: 0 | O17: =L17 -> 50.15 | P17: =L17 -> 50.15 | Q17: Área de Construção
B18: 1.3 | C18: Locação da obra com gabarito de madeira | E18: 1 | F18: m² | G18: loc1 | H18: 1 | I18: 50.15 | J18: 1 | L18: =H18*I18*J18 -> 50.15 | M18: 0 | N18: 0 | O18: =L18 -> 50.15 | P18: =O18 -> 50.15 | Q18: Área de Construção
B20: 2.0 | C20: MOVIMENTO DE TERRA
B21: 2.1 | C21: Escavação manual de valas p/ fundação de blocos em concreto ciclópico | E21: 1 | F21: m³ | G21: esc2 | H21: 0 | I21: 0 | J21: 0 | K21: 0 | L21: 0 | M21: 0 | N21: 0 | O21: 0 | P21: 0 | Q21: Quadro Resumo de Bloco de Concreto Ciclópico
B22: 2.1 | C22: Escavação manual de valas p/ fundação de sapatas em concreto armado fck=25 MPa | E22: 1 | F22: m³ | G22: esc2 | H22: 2 | I22: 6.8 | J22: 6.8 | K22: 1.5 | L22: =I22*J22 -> 46.24 | M22: =L22*K22 -> 69.36 | N22: 0 | O22: =M22 -> 69.36 | P22: =O22 -> 69.36 | Q22: Quadro Resumo de Sapata de Concreto Armado
B23: 2.3 | C23: Apiloamento manual do fundo de valas | D23: Área Blocos | E23: 1 | F23: m² | G23: api1 | H23: 0 | I23: 0 | J23: 0 | L23: 0 | M23: 0 | N23: 0 | O23: 0 | Q23: Área do Fundo das Valas de Fundação
B24: 2.2 | C24: Apiloamento manual do fundo de valas | D24: Área Blocos | E24: 1 | F24: m² | G24: api1 | H24: 2 | I24: 6.8 | J24: 6.8 | L24: =I24*J24 -> 46.24 | M24: 0 | N24: 0 | O24: =L24 -> 46.24 | P24: =L24 -> 46.24 | Q24: Área do Fundo das Valas de Fundação
B25: 2.3 | C25: Reaterro de vala com compactação manual | D25: Esc. Blocos | E25: 1 | F25: m³ | G25: ate1 | H25: 2 | I25: 6.8 | J25: 6.8 | K25: 0.75 | L25: =I25*J25 -> 46.24 | M25: =L25*K25 -> 34.68 | N25: 0 | O25: =M25 -> 34.68 | P25: =O25 -> 34.68 | Q25: Reaterro p/ vala da sapata de Conc. Armado
B26: 2.4 | C26: Escavação e carga de material de jazida p/ aterro | D26: Esc. Blocos | E26: 1 | F26: m³ | G26: ate1 | H26: 1 | I26: 39.15 | J26: 1 | K26: 1 | L26: =I26*J26 -> 39.15 | M26: =L26*K26 -> 39.15 | N26: 0 | O26: =M26 -> 39.15 | P26: =M26 -> 39.15 | Q26: Relátorio de volumes
B27: 2.5 | C27: Transporte de material de jazida DMT= 4,9 km em rodovia pavimentada | D27: Esc. Blocos | E27: 1 | F27: m³ | G27: ate1 | H27: 1 | I27: 58.26 | J27: 1 | K27: 1 | L27: =I27*J27 -> 58.26 | M27: =K27*L27 -> 58.26 | N27: 0 | O27: =M27 -> 58.26 | P27: =M27 -> 58.26 | Q27: Relátorio de volumes
B28: 2.6 | C28: Execução e compactação de aterro com solo predominantemente argiloso | D28: Esc. Blocos | E28: 1 | F28: m³ | G28: ate1 | H28: 1 | I28: 67.45 | J28: 1 | K28: 1 | L28: =I28*J28 -> 67.45 | M28: =K28*L28 -> 67.45 | N28: 0 | O28: =M28 -> 67.45 | P28: =O28 -> 67.45 | Q28: Relátorio de volumes
B30: 3.0 | C30: INFRAESTRUTURA
B31: 3.1 | C31: Fundação em pedra argamassada | D31: - | E31: 1 | F31: m³ | G31: fun1 | H31: 0 | I31: 2.7 | J31: 1.7 | K31: 0.5 | L31: 4.59 | M31: 2.3 | N31: 0 | O31: 0 | P31: 0 | Q31: Volume de Escavação da Vala de Fundação
B32: 3.1 | C32: Base em concreto simples p/blocos em concreto ciclópico e=5,0 cm | E32: 1 | F32: m² | G32: bas1 | H32: 0 | I32: 0 | J32: 0 | L32: 0 | M32: 0 | N32: 0 | O32: 0 | P32: 0 | Q32: Área de Projeção do Bloco de Concreto Ciclópico
B33: 3.1 | C33: Lastro de concreto magro, aplicado sobre solo e=0,5cm | E33: 1 | F33: m³ | G33: bas1 | H33: 2 | I33: 6.8 | J33: 6.8 | K33: 0.1 | L33: =I33*J33 -> 46.24 | M33: =L33*K33 -> 4.624 | N33: 0 | O33: =M33 -> 4.624 | P33: =O33 -> 4.624 | Q33: Área de Projeção da sapata de Concreto Armado
B34: 3.3 | C34: Bloco de concreto ciclópico dos pilares | D34: Estrutural | E34: 1 | F34: m130 | G34: blc1 | H34: 0 | I34: 0 | J34: 0 | K34: 0 | L34: 0 | M34: 0 | N34: 0 | O34: 0 | P34: 0 | Q34: Concretagem do Bloco de Concreto Ciclopico
B35: 3.2 | C35: Concreto fck=25 MPa p/sapata em concreto armado | D35: Estrutural | E35: 1 | F35: m³ | G35: blc1 | H35: 1 | I35: 47.21 | J35: 1 | K35: 1 | L35: =I35*J35 -> 47.21 | M35: =L35*K35 -> 47.21 | N35: 0 | O35: =M35 -> 47.21 | P35: =O35 -> 47.21 | Q35: Quadro Resumo do Volume de Concreto
B36: 3.3 | C36: Lançamento de concreto fck=25 MPa p/sapata de concreto armado | D36: Estrutural | E36: 1 | F36: m³ | G36: est8 | H36: 1 | I36: 47.21 | J36: 1 | K36: 1 | L36: =I36*J36 -> 47.21 | M36: =L36*K36 -> 47.21 | N36: 0 | O36: =M36 -> 47.21 | P36: =O36 -> 47.21 | Q36: Quadro Resumo do Volume de Concreto
B37: 3.5 | C37: Armação de estrutura de concreto armado aço CA-60 de 5,0 mm - montagem | D37: Estrutural | E37: 1 | F37: kg | G37: est14 | H37: 0 | L37: 0 | M37: 0 | N37: 0 | O37: 0 | P37: 0 | Q37: Quadro Resumo das Ferragens
B38: 3.6 | C38: Armação de estrutura de concreto armado aço CA-50 de 10,0 mm - montagem | D38: Estrutural | E38: 1 | F38: kg | G38: est18 | H38: 0 | L38: 0 | M38: 0 | N38: 0 | O38: 0 | P38: 0 | Q38: Quadro Resumo das Ferragens
B39: 3.4 | C39: Forma plana para sapata em concreto armado, em madeira maciça, 04 usos, inclusive escoramento | D39: Estrutural | E39: 1 | F39: m² | G39: est19 | H39: 1 | I39: 15.5 | J39: 1 | L39: =I39*J39 -> 15.5 | M39: 0 | N39: 0 | O39: =L39 -> 15.5 | P39: =O39 -> 15.5 | Q39: Quadro Resumo das Formas
B41: 4.0 | C41: SUPERESTRUTURA
B42: 4.1 | C42: Concreto fck=25 MPa p/ vigas | D42: Estrutural | E42: 1 | F42: m³ | G42: est6 | H42: 1 | I42: 6.75 | J42: 1 | K42: 1 | L42: =I42*J42 -> 6.75 | M42: =L42*K42 -> 6.75 | N42: 0 | O42: =M42 -> 6.75 | P42: =O42 -> 6.75 | Q42: Quadro Resumo do Volume de Concreto
B43: 4.2 | C43: Concreto fck=25 MPa p/pilar | D43: Estrutural | E43: 1 | F43: m³ | G43: est7 | H43: 1 | I43: 18.56 | J43: 1 | K43: 1 | L43: =I43*J43 -> 18.56 | M43: =L43*K43 -> 18.56 | N43: 0 | O43: =M43 -> 18.56 | P43: =O43 -> 18.56 | Q43: Quadro Resumo do Volume de Concreto
B44: 4.3 | C44: Lançamento de concreto fck=25 MPa p/vigas | D44: Estrutural | E44: 1 | F44: m³ | G44: est12 | H44: 6.75 | I44: 1 | J44: 1 | K44: 1 | L44: =H44*I44 -> 6.75 | M44: 1 | N44: 0 | O44: =L44 -> 6.75 | P44: =O44 -> 6.75 | Q44: Quadro Resumo do Volume de Concreto
B45: 4.4 | C45: Lançamento de concreto fck=25 MPa p/pilar | D45: Estrutural | E45: 1 | F45: m³ | G45: est13 | H45: 18.56 | I45: 1 | J45: 1 | K45: 1 | L45: 1 | M45: 1 | N45: 0 | O45: =H45*I45 -> 18.56 | P45: =O45 -> 18.56 | Q45: Quadro Resumo do Volume de Concreto
B46: 4.5 | C46: Armação de estrutura de concreto armado aço CA-60 de 5,0 mm - montagem | D46: Estrutural | E46: 1 | F46: kg | G46: est14 | H46: 656.24 | L46: 0 | M46: 0 | N46: 0 | O46: =H46 -> 656.24 | P46: =O46 -> 656.24 | Q46: Quadro Resumo de aço
B47: 4.14 | C47: Armação de estrutura de concreto armado aço CA-50 de 6,3 mm - montagem | D47: Estrutural | E47: 1 | F47: kg | G47: est15 | H47: 0 | L47: 0 | M47: 0 | N47: 0 | O47: 0 | P47: 0 | Q47: Quadro Resumo de aço
B48: 4.6 | C48: Armação de estrutura de concreto armado aço CA-50 de 6.3 mm - montagem | D48: Estrutural | E48: 1 | F48: kg | G48: est16 | H48: 729.45 | L48: 0 | M48: 0 | N48: 0 | O48: =H48 -> 729.45 | P48: =O48 -> 729.45 | Q48: Quadro Resumo de aço
B49: 4.7 | C49: Armação de estrutura de concreto armado aço CA-50 de 8,0 mm - montagem | D49: Estrutural | E49: 1 | F49: kg | G49: est16 | H49: 655.16 | L49: 0 | M49: 0 | N49: 0 | O49: =H49 -> 655.16 | P49: =O49 -> 655.16 | Q49: Quadro Resumo de aço
B50: 4.8 | C50: Armação de estrutura de concreto armado aço CA-50 de 10,0 mm - montagem | D50: Estrutural | E50: 1 | F50: kg | G50: est17 | H50: 591.42 | L50: 0 | M50: 0 | N50: 0 | O50: =H50 -> 591.42 | P50: =H50 -> 591.42 | Q50: Quadro Resumo de aço
B51: 4.9 | C51: Armação de estrutura de concreto armado aço CA-50 de 12,5 mm - montagem | D51: Estrutural | E51: 1 | F51: kg | G51: est18 | H51: 2354.16 | L51: 0 | M51: 0 | N51: 0 | O51: =H51 -> 2354.16 | P51: =H51 -> 2354.16 | Q51: Quadro Resumo de aço
B52: 4.10 | C52: Montagem e desmontagem de fôrma de pilares retangulares em madeira serrada, 4 utilizações | D52: Estrutural | E52: 1 | F52: m² | G52: est19 | H52: 1 | I52: 181 | J52: 1 | L52: 181 | M52: 0 | N52: 0 | O52: =L52 -> 181 | P52: =O52 -> 181 | Q52: Quadro Resumo das Formas
B53: 4.11 | C53: Montagem e desmontagem de fôrma de viga, escoramento com pontalete de madeira, em madeira serrada, 4 utilizações | D53: Estrutural | E53: 1 | F53: m² | G53: est20 | H53: 1 | I53: 45 | J53: 1 | L53: 45 | M53: 0 | N53: 0 | O53: =L53 -> 45 | P53: =O53 -> 45 | Q53: Quadro Resumo das Formas
B55: 5.0 | C55: PISOS
B56: 5.1 | C56: Lastro de concreto magro, aplicado em pisos, lajes sobre solo ou radiers | D56: Piso da Rampa | E56: 1 | F56: m³ | G56: Pis1 | H56: 1 | I56: 20 | J56: 1 | K56: 0.04 | L56: =I56*J56 -> 20 | M56: =L56*K56 -> 0.8 | N56: 0 | O56: =M56 -> 0.8 | P56: =O56 -> 0.8 | Q56: Área de piso cimentado
B57: 5.2 | C57: Piso cimentado traço 1:3 (cimento e areia) acabamento liso pigmentado espessura 2,0cm com juntas plasticas de dilatacao e argamassa em preparo manual | D57: Piso do Estacionamento | E57: 1 | F57: m² | G57: Pis2 | H57: 1 | I57: 20 | J57: 1 | L57: =I57*J57 -> 20 | M57: 0 | N57: 0 | O57: =L57 -> 20 | P57: =O57 -> 20 | Q57: Área de piso cimentado
B58: 5.1 | C58: Revestimento em pedra são tome assentado sobre argamassa 1:3 (cimento e areia) rejuntado com cimento branco | E58: 1 | F58: m² | G58: Pis7 | H58: 1 | I58: 0 | J58: 1 | L58: 0 | M58: 0 | N58: 0 | O58: 0 | P58: 0 | Q58: Quadro de Áreas
B59: 5.3 | C59: Assentamento de meio-fio, em concreto pré-fabricado, dimensões 100x15x13x30 cm (comp. x base inf. x base sup. x alt.), para calçada | E59: 1 | F59: m | G59: Pis7 | H59: 0 | I59: 85.96 | L59: 0 | M59: 0 | N59: 0 | O59: 0 | P59: 0 | Q59: Quadro de Áreas
B60: 5.2 | C60: Assentamento de meio-fio, em concreto pré-fabricado, dimensões 100x15x7x30 cm (comp. x base inf. x base sup. x alt.), para jardim | E60: 1 | F60: m | G60: Pis7 | H60: 1 | I60: 0 | L60: 0 | M60: 0 | N60: 0 | O60: 0 | P60: 0 | Q60: Quadro de Áreas
B61: 5.4 | C61: Plantio de grama esmeralda em rolo | E61: 1 | F61: m² | H61: 1 | I61: 0 | J61: 1 | L61: 0 | M61: 0 | N61: 0 | O61: 0 | P61: 0 | Q61: Quadro de Áreas
B62: 5.4 | C62: Pavimentação em bloco de concreto, intertravado, dim. 20 x 10 cm, e = 6,0 cm (cor cinza) | E62: 1 | F62: m² | H62: 0 | I62: 30.29 | J62: 1 | L62: 30.29 | M62: 0 | N62: 0 | O62: 0 | P62: 0 | Q62: Quadro de Áreas
B63: 5.5 | C63: Pavimentação em bloco de concreto, intertravado, dim. 20 x 10 cm, e = 6,0 cm (cor vermelha) | E63: 1 | F63: m² | H63: 0 | I63: 10.28 | J63: 1 | L63: 10.28 | M63: 0 | N63: 0 | O63: 0 | P63: 0 | Q63: Quadro de Áreas
B64: 5.4 | C64: Piso cimentado com concreto moldado in loco, fck = 20MPa | E64: 1 | F64: un | H64: 0 | I64: 1 | J64: 1 | L64: 1 | M64: 0 | N64: 0 | O64: 0 | P64: 0 | Q64: Quadro de Áreas
B65: 5.3 | C65: Piso tátil direcional de concreto 25x25 cm | E65: 1 | F65: m² | G65: Pis7 | H65: 1 | I65: 5 | J65: 1 | L65: 5 | M65: 0 | N65: 0 | O65: 5 | P65: 0 | Q65: Quadro de Áreas
B66: 5.4 | C66: Piso tátil de alerta de concreto 25x25 cm | E66: 1 | F66: m² | G66: Pis7 | H66: 1 | I66: 5 | J66: 1 | L66: 5 | M66: 0 | N66: 0 | O66: 5 | P66: 0 | Q66: Quadro de Áreas
B68: 6.0 | C68: PAREDES E PAINÉIS
B69: 6.1 | C69: alvenaria de vedação de blocos cerâmicos furados na horizontal de 9x14x19 cm (espessura 9 cm) e argamassa de assentamento com preparo em betoneira | E69: 1 | F69: m³ | G69: alv1 | H69: 0 | I69: 68.08 | J69: 1 | K69: 1 | L69: 68.08 | M69: 68.08 | N69: 0 | O69: 0 | P69: 0 | Q69: alvenaria de vedação dos pilares
B71: 6.0 | C71: ESTRUTURA METÁLICA
B72: 6.1 | C72: Instalação e fornecimento de estrutura metálica treliçada, em aço, incluso içamento, chumbadores e ACM | E72: Treliça | F72: un | G72: cob3 | H72: 2 | L72: 0 | M72: 0 | N72: 0 | O72: =H72 -> 2 | P72: =H72 -> 2 | Q72: Estrutura Metálica Treliçada e ACM
B73: 6.2 | C73: Instalação e fornecimento de estrutura metálica para fachada em ACM | E73: 1 | F73: un | G73: cob3 | H73: 2 | L73: 0 | M73: 0 | N73: 0 | O73: =H73 -> 2 | P73: =O73 -> 2 | Q73: Estrutura Metálica para ACM
B74: 6.3 | C74: Chapim em concreto pre-moldado com largura de 17 cm e esp.= 2,5 cm | E74: 1 | F74: m | G74: cob5 | H74: 4 | I74: 0.95 | J74: 1 | L74: =I74*J74 -> 0.95 | M74: 0 | N74: 0 | O74: =H74*L74 -> 3.8 | P74: =O74 -> 3.8 | Q74: Perímetro do revestimento de pedra dos pilares
B75: 6.4 | C75: Revestimento acrilico transparente | F75: m² | G75: cob5 | H75: 1 | I75: 21.05 | J75: 1 | K75: 1 | M75: =I75*K75 -> 21.05 | N75: 0 | O75: =M75 -> 21.05 | P75: =O75 -> 21.05 | Q75: Revestimento acrilico
B76: 6.5 | C76: Revestimento dos pilaresem chapa de alumínio duplo composto (ACM) - cor amarela | E76: ACM | F76: m² | G76: cob5 | H76: 1 | I76: 31.45 | J76: 1 | K76: 1 | L76: =I76 -> 31.45 | M76: =L76 -> 31.45 | N76: 0 | O76: =M76 -> 31.45 | P76: =O76 -> 31.45 | Q76: Revestimento dos pilares - ACM
B77: 6.6 | C77: Revestimento dos pilaresem chapa de alumínio duplo composto (ACM) - cor cinza | E77: ACM | F77: m² | G77: cob5 | H77: 1 | I77: 25.51 | J77: 1 | K77: 1 | L77: =I77 -> 25.51 | M77: =L77 -> 25.51 | N77: 0 | O77: =M77 -> 25.51 | P77: =O77 -> 25.51 | Q77: Revestimento dos pilares - ACM
B78: 6.7 | C78: Placa em acrílico branco leitoso, e=10mm 40x40cm | E78: 1 | F78: m² | G78: pin1 | H78: 1 | I78: 12.95 | J78: 1 | K78: 1 | L78: =I78 -> 12.95 | M78: =L78 -> 12.95 | N78: 0 | O78: =M78 -> 12.95 | P78: =O78 -> 12.95 | Q78: Letras 40x40
B79: 6.8 | C79: Placa em acrílico branco leitoso, e=10mm 70x70cm | E79: 1 | F79: m² | G79: pin1 | H79: 1 | I79: 24.15 | J79: 1 | K79: 1 | L79: =I79 -> 24.15 | M79: =L79 -> 24.15 | N79: 0 | O79: =M79 -> 24.15 | P79: =O79 -> 24.15 | Q79: Letras 70x70
B81: 7.0 | C81: INSTALAÇÕES
B82: 7.1 | C82: Instalações elétricas | E82: 1 | F82: un | G82: ins3 | H82: 1 | L82: 0 | M82: 0 | N82: 0 | O82: 1 | P82: 1 | Q82: Iluminação do Portal
B84: 8.0 | C84: REVESTIMENTO
B85: 8.1 | C85: Chapisco em argamassa traço 1:3 e=0,5 cm | E85: 1 | F85: m² | H85: 1 | I85: 31.76 | J85: 1 | L85: =I85 -> 31.76 | M85: 0 | N85: 0 | O85: =L85 -> 31.76 | P85: =O85 -> 31.76 | Q85: Quadro de Áreas
B86: 8.2 | C86: Reboco paulista em argamassa 1:2:8, esp.= 2cm | E86: 1 | F86: m² | H86: 1 | I86: 31.76 | J86: 1 | L86: =I86 -> 31.76 | M86: 0 | N86: 0 | O86: =L86 -> 31.76 | P86: =O86 -> 31.76 | Q86: Quadro de Áreas
B87: 8.3 | C87: Revestimento em pedra são tome assentado sobre argamassa 1:3 (cimento e areia) rejuntado com cimento branco | E87: 1 | F87: m² | G87: Pis7 | H87: 1 | I87: 0 | J87: 1 | L87: 0 | M87: 0 | N87: 0 | O87: 0 | P87: 0 | Q87: Quadro de Áreas
B88: 8.3 | C88: Revestimento em pedra são tome assentado sobre argamassa ACIII | E88: 1 | F88: m² | G88: Pis7 | H88: 4 | I88: 31.76 | J88: 1 | L88: =I88 -> 31.76 | M88: 0 | N88: 0 | O88: =L88 -> 31.76 | P88: =O88 -> 31.76 | Q88: Quadro de Áreas
B89: 8.4 | C89: Plotagem de adesivo vinil em letreiro (c/aplicação) | E89: 1 | F89: m² | G89: Pis7 | H89: 1 | I89: 17.85 | J89: 1 | L89: =I89 -> 17.85 | M89: 0 | N89: 0 | O89: =L89 -> 17.85 | P89: =O89 -> 17.85 | Q89: Imagens impressas
B91: 9.0 | C91: PINTURA
B92: 10.1 | C92: Pintura esmalte alto brilho, duas demãos, sobre superfície metálica | E92: 1 | F92: m² | G92: pin1 | H92: 1 | I92: 1.11 | K92: 1 | L92: 1.11 | M92: 0 | N92: 0 | O92: 1.11 | P92: 1.11 | Q92: Área da Chapa do Simbolo do Estado do Piauí | S92: 23.33 | T92: PINTURA CINZA NA FACHADA
B93: 9.1 | C93: Revestimento em pedra são tome assentado sobre argamassa 1:3 (cimento e areia) rejuntado com cimento branco | E93: 1 | F93: m² | G93: Pis7 | H93: 0 | I93: 45.2 | J93: 1 | L93: 45.2 | M93: 0 | N93: 0 | O93: 0 | P93: 0 | Q93: Quadro de Áreas
B94: 9.1 | C94: Aplicação manual de pintura com tinta látex acrílica em paredes, duas demãos | E94: 1 | F94: m² | G94: pin1 | H94: 0 | I94: 11.76 | K94: 1 | L94: 11.76 | M94: 0 | N94: 0 | O94: 0 | P94: 0 | Q94: Área da Chapa do Letreiro
B95: 9.2 | C95: Artística letreiro portal em esmalte sintético | E95: 1 | F95: m² | G95: pin1 | H95: 0 | I95: 1 | K95: 1 | L95: 1 | M95: 0 | N95: 0 | O95: 0 | P95: 0 | Q95: Área do Letreiro (brasão)
B96: 12.2 | C96: Pintura esmalte fosco em madeira, duas demãos | E96: 1 | F96: m² | G96: pin2 | L96: 0 | M96: 0 | N96: 0 | O96: 0 | P96: 0 | Q96: Áreas das Esquadrias de Madeira
B97: 12.3 | C97: Aplicação manual de fundo selador acrílico em superfícies internas | E97: 1 | F97: m² | G97: pin3 | L97: 0 | M97: 0 | N97: 0 | O97: 0 | P97: 0 | Q97: Paredes Internas e uma face das externas
B98: 12.4 | C98: Aplicação e lixamento de massa látex em paredes, duas demãos | E98: 1 | F98: m² | G98: pin4 | L98: 0 | M98: 0 | N98: 0 | O98: 0 | P98: 0 | Q98: Paredes Internas e uma face das externas
B99: 12.5 | C99: Aplicação manual de pintura com tinta látex pva em paredes, duas demãos | E99: 1 | F99: m² | G99: pin5 | L99: 0 | M99: 0 | N99: 0 | O99: 0 | P99: 0 | Q99: Paredes Internas e uma face das externas
B100: 12.6 | C100: Aplicação manual de pintura com tinta texturizada acrílica em paredes externas, uma cor | E100: 1 | F100: m² | G100: pin6 | L100: 0 | M100: 0 | N100: 0 | O100: 0 | P100: 0 | Q100: Somatório da Área de uma Face da Paredes externas
B101: 12.7 | C101: Pintura acrílica para sinalização horizontal em piso cimentado, símbolo deficiente | E101: 1 | F101: m² | G101: pin7 | L101: 0 | M101: 0 | N101: 0 | O101: 0 | P101: 0 | Q101: Área de Pintura para Piso Sinalização Especial
B102: 9.3 | C102: Letreiro metálico do portal | E102: 1 | F102: m | G102: pin1 | H102: 1 | I102: 0 | K102: 1 | L102: 0 | M102: 0 | N102: 0 | O102: 0 | P102: 0 | Q102: Área do Letreiro
B103: 8.4 | C103: Verniz brilhante em parede de pedra | E103: 1 | F103: m² | G103: pin8 | H103: 1 | I103: 0 | K103: 0 | L103: 0 | M103: 0 | N103: 0 | O103: 0 | P103: 0 | Q103: Letreiro com o Nome da Prefeitura
B105: 11.0 | C105: JARDINAGEM | S105: OK
B106: 11.1 | C106: Fornecimento e espalhamento de terra vegetal preparada, esp. = 5,0 cm | E106: 1 | F106: m³ | G106: jard2 | H106: 0 | I106: 6.24 | J106: 1 | K106: 0.05 | L106: 6.24 | M106: 0.31 | N106: 0 | O106: 0 | P106: 0 | Q106: Quadro de Áreas
B107: 11.2 | C107: Plantio de grama em placas | E107: 1 | F107: m² | G107: jard3 | H107: 0 | I107: 6.24 | J107: 1 | L107: 6.24 | M107: 0 | N107: 0 | O107: 0 | P107: 0 | Q107: Quadro de Áreas
B108: 11.3 | C108: Fornecimento e plantio de Lança de São Jorge | E108: 1 | F108: un | G108: Pis7 | H108: 0 | I108: 1 | J108: 1 | L108: 1 | M108: 0 | N108: 0 | O108: 0 | P108: 0 | Q108: Quadro de Áreas
B110: 9.0 | C110: SERVIÇOS FINAIS
B111: 9.1 | C111: Limpeza final da obra | E111: 1 | F111: m² | G111: lim1 | H111: 1 | I111: 42.56 | J111: 1 | L111: =I111 -> 42.56 | M111: 0 | N111: 0 | O111: =L111 -> 42.56 | P111: =O111 -> 42.56 | Q111: Área de Piso
B112: 9.2 | C112: Remoção de entulho com transporte em caminhão basculante 6 m³ | D112: Esc. Blocos | E112: 1 | F112: m³ | G112: ate1 | H112: 1 | I112: 70.28 | J112: 1 | K112: 1 | L112: =I112 -> 70.28 | M112: =L112 -> 70.28 | N112: 0 | O112: =M112 -> 70.28 | P112: =O112 -> 70.28 | Q112: carga de entulho
D116: COTA
D117: 234.94
D118: 234.3
D119: 235
D120: 234.22
D121: 0.39
...

Sheet F-Fin-G
G6: REFERÊNCIAS:
B7: OBJETO: CONSTRUÇÃO DE PORTAL DE ENTRADA | G7: SINAPI: DEZEMBRO/2023
B8: LOCAL: ZONA URBANA - DEMERVAL LOBÃO | G8: ORSE: DEZEMBRO./2023
G9: #REF!
G10: TABELAS S/ DESONERAÇÃO
G11: BDI: 21,99% ; LSO: 114,54 %
B13: CRONOGRAMA FÍSICO-FINANCEIRO - GLOBAL
D15: PESO | E15: VALOR DAS | F15: MESES
B16: ITEM | C16: DISCRIMINAÇÃO DOS | D16: % | E16: OBRAS E | F16: 1 | G16: 2 | H16: 3
C17: SERVIÇOS | E17: SERVIÇOS R$ | F17: R$ | G17: R$ | H17: R$
B19: 1.0 | C19: PLACA DA OBRA | D19: =E19/E27 -> 0.0027760606 | E19: =Resumo!G18 -> 1420.41 | F19: =E19 -> 1420.41
B20: 2.0 | C20: ADMINISTRAÇÃO LOCAL | D20: =E20/E27 -> 0.039262475 | E20: =Resumo!G19 -> 20089.191 | F20: =Resumo!F19 -> 6696.3971 | G20: =F20 -> 6696.3971 | H20: =F20 -> 6696.3971
B21: 3.0 | C21: CONSTRUÇÃO DE PRAÇA PÚBLICA | D21: 0 | E21: 0
B22: 4.0 | C22: CONSTRUÇÃO DE PORTAL DE ENTRADA | D22: =E22/E27 -> 0.95796146 | E22: ='Orç Portal'!G106 -> 490154.3 | F22: =E22/3 -> 163384.77 | G22: =E22/3 -> 163384.77 | H22: =E22/3 -> 163384.77
B24: TOTAL | C24: SIMPLES | D24: 100 | E24: 230420.93 | F24: =(F19+F20+F22)/E27 -> 0.33518404 | G24: =(G20+G22)/E27 -> 0.33240798 | H24: =(H20+H22)/E27 -> 0.33240798
C25: ACUMULADO | E25: 230420.93 | F25: =F24 -> 0.33518404 | G25: =G24+F25 -> 0.66759202 | H25: =H24+G25 -> 1
C27: VALOR TOTAL (R$) | D27: 100 | E27: =Resumo!G23 -> 511663.9 | F27: =F19+F20+F22 -> 171501.57 | G27: =G20+G22 -> 170081.16 | H27: =H20+H22 -> 170081.16
E28: 230420.93

Sheet Composições
H6: REFERÊNCIAS:
B7: OBJETO: CONSTRUÇÃO DE PORTAL DE ENTRADA | H7: SINAPI: DEZEMBRO/2023
B8: LOCAL: ZONA URBANA - DEMERVAL LOBÃO | H8: ORSE: DEZEMBRO./2023
H9: #REF!
H10: TABELAS S/ DESONERAÇÃO
H11: BDI: 21,99% ; LSO: 114,54 %
B13: COMPOSIÇÕES DE CUSTO UNITÁRIO ELABORADAS
B15: Aquisição e assentamento de placa da obra em chapa de aço galvanizado - COMPOSIÇÃO 01 | H15: Produção da equipe [1]
H16: 1 | I16: m²
B17: Mão-de-obra | C17: Quant. | D17: Unid. | E17: Referência | H17: Salário hora | I17: Custo horário
B18: Carpinteiro de formas com enc. complementares | C18: 5.5 | D18: H | E18: SINAPI | F18: 88262 | G18: C | H18: 25.64 | I18: 141.02
B19: Servente com encargos complementares | C19: 8.6448 | D19: H | E19: SINAPI | F19: 88316 | G19: C | H19: 20.2 | I19: 174.62
B20: Custo unitário total de mão de obra | I20: 315.64
B22: Materiais e/ou serviços | C22: Quant. | D22: Unid. | E22: Referência | H22: Valor R$ | I22: Custo unitário
B23: Placa de obra em chapa de aço 2,4 x 1,20 m | C23: 2.88 | D23: M² | E23: SINAPI | F23: 4813 | G23: I | H23: 250 | I23: 720
B24: Peça de madeira de lei 1ª qualidade 2,5x7,5 cm | C24: 2.88 | D24: M | E24: SINAPI | F24: 4417 | G24: I | H24: 3.81 | I24: 10.97
B25: Peça de madeira 3ª qualidade 7,5x7,5 cm | C25: 11.52 | D25: M | E25: SINAPI | F25: 4491 | G25: I | H25: 9.44 | I25: 108.75
B26: Prego 18x30 | C26: 0.432 | D26: KG | E26: SINAPI | F26: 5075 | G26: I | H26: 20.85 | I26: 9.01
B27: Custo unitário total dos materiais e/ou serviços | I27: 848.73
B29: CUSTO UNITÁRIO TOTAL | I29: 1164.37
B30: B.D.I. = 21,99% | I30: 256.04
B31: PREÇO UNITÁRIO TOTAL | I31: 1420.41
B32: FONTE: COMPOSIÇÃO ADAPTADA COM REFERÊNCIA NO SERVIÇO 00051/ORSE
B34: Administração local da obra - COMPOSIÇÃO 02 | H34: Produção da equipe [1]
H35: 1 | I35: mês
B36: Mão-de-obra | C36: Quant. | D36: Unid. | E36: Referência | H36: Salário hora | I36: Custo horário
B37: Engenheiro | C37: 25 | D37: H | E37: SINAPI | F37: 2706 | G37: I | H37: 109.41 | I37: =C37*H37 -> 2735.25
B38: Encarregado geral | C38: 30 | D38: H | E38: SINAPI | F38: 4083 | G38: I | H38: 28.1 | I38: =C38*H38 -> 843
B39: Apontador | C39: 45 | D39: H | E39: SINAPI | F39: 6122 | G39: I | H39: 19.09 | I39: =C39*H39 -> 859.05
B40: Auxiliar de Engenharia | C40: 50 | D40: H | E40: SINAPI | F40: 532 | G40: I | H40: 21.04 | I40: =C40*H40 -> 1052
B41: Custo unitário total de mão de obra | I41: =SUM(I37:I40) -> 5489.3
B43: Materiais e/ou serviços | C43: Quant. | D43: Unid. | E43: Referência | H43: Valor R$ | I43: Custo unitário
I44: 0
B45: Custo unitário total dos materiais e/ou serviços | I45: 0
B47: CUSTO UNITÁRIO TOTAL | I47: =I41 -> 5489.3
B48: B.D.I. = 21,99% | I48: =I47*0.2199 -> 1207.0971
B49: PREÇO UNITÁRIO TOTAL | I49: =I47+I48 -> 6696.3971
B50: FONTE: REVISTA GUIA DA CONSTRUÇÃO EDITORA PINI - JULHO/2009 (ADAPTADO)
B52: Tapume de proteção em tela de polietileno h=1,20 com bloco de concreto- COMPOSIÇÃO 03 | H52: Produção da equipe [1]
H53: 1 | I53: m
B54: Mão-de-obra | C54: Quant. | D54: Unid. | E54: Referência | H54: Salário hora | I54: Custo horário
B55: Servente c/ encargos complementares | C55: 0.14 | D55: H | E55: SINAPI | F55: 88316 | G55: C | H55: 20.2 | I55: 2.83
B56: Custo unitário total de mão de obra | I56: 2.83
X57: QUANT. | Y57: 1
B58: Materiais e/ou serviços | C58: Quant. | D58: Unid. | E58: Referência | H58: Valor R$ | I58: Custo unitário | X58: ÁREA | Y58: #REF!
B59: Madeira mista serrada (barrote) 6 x 6cm - 0,0036 m³/m (angelim, louro) | C59: 0.003312 | D59: m | E59: ORSE | F59: 1569 | G59: I | H59: 7.19 | I59: 0.02
B60: Tela de polietileno estirado p/ tapumes (malha 80x40 e 65x40 mm) h=1,20 m | C60: 1 | D60: m | E60: ORSE | F60: 2185 | G60: I | H60: 3.21 | I60: 3.21
B61: Concreto magro p/ lastro, traço 1:4,5:4,5 (cimento/areia média/brita 1) - preparo mecânico c/ betoneira 400 l | C61: 0.06 | D61: M³ | E61: SINAPI | F61: 94962 | G61: C | H61: 509.77 | I61: =C61*H61 -> 30.5862
B62: Prego de aco polido com cabeca 18x27 (2.1/2"x10) | C62: 0.02 | D62: KG | E62: SINAPI | F62: 5061 | G62: I | H62: 20.5 | I62: 0.41
B63: Custo unitário total dos materiais e/ou serviços | I63: =I59+I60+I61+I62 -> 34.2262
B65: CUSTO UNITÁRIO TOTAL | I65: =I63+I56 -> 37.0562
B66: B.D.I. = 21,99% | I66: =I65*0.2199 -> 8.1486584
B67: PREÇO UNITÁRIO TOTAL | I67: =I65+I66 -> 45.204858
B68: FONTE: COMPOSIÇÃO ADAPTADA COM REFERÊNCIA NO SERVIÇO 04554/ORSE
B70: Locação de obra com gabarito de madeira - COMPOSIÇÃO 04 | H70: Produção da equipe [1]
H71: 1 | I71: m²
B72: Mão-de-obra | C72: Quant. | D72: Unid. | E72: Referência | H72: Salário hora | I72: Custo horário
B73: Auxiliar de topógrafo c/ encargos complementares | C73: 0.01 | D73: H | E73: SINAPI | F73: 88253 | G73: C | H73: 18.72 | I73: 0.19
B74: Servente com encargos complementares | C74: 0.008 | D74: H | E74: SINAPI | F74: 88316 | G74: C | H74: 20.2 | I74: 0.16
B75: Topógrafo c/ encargos complementares | C75: 0.01 | D75: H | E75: SINAPI | F75: 90781 | G75: C | H75: 38.97 | I75: 0.39
B76: Carpinteiro com encargos complementares | C76: 0.01 | D76: H | E76: SINAPI | F76: 88262 | G76: C | H76: 25.64 | I76: 0.26
B77: Custo horário total da mão-de-obra [3] | I77: 1
B80: Materiais e/ou serviços | C80: Quant. | D80: Unid. | G80: Referência | H80: Valor R$ | I80: Custo unitário
B81: Madeira mista serrada (barrote) 6x6 cm | C81: 0.018 | D81: m | E81: ORSE | F81: 1569 | G81: I | H81: 7.19 | I81: 0.13
B82: Prego 1.1/2"x13 (15x18) | C82: 0.0024 | D82: KG | E82: SINAPI | F82: 5067 | G82: I | H82: 22.22 | I82: 0.05
B83: Tabua *2,5 x 23* cm em pinus, mista ou equivalente da regiao - bruta | C83: 0.022 | D83: M | E83: SINAPI | F83: 10567 | G83: I | H83: 10.66 | I83: 0.23
B84: Arame galvanizado 18 bwg, d = 1,24mm (0,009 kg/m) | C84: 0.004 | D84: KG | E84: SINAPI | F84: 345 | G84: I | H84: 31.78 | I84: 0.13
B85: Custo unitário total dos materiais e/ou serviços [6] | I85: 0.54
B87: CUSTO UNITÁRIO TOTAL [5+6] = [7] | I87: 1.54
B88: B.D.I. = 21,99% [8] | I88: 0.34
B89: PREÇO UNITÁRIO TOTAL [7+8] = [9] | I89: 1.88
B90: FONTE: COMPOSIÇÃO ADAPTADA COM REFERÊNCIA NO SERVIÇO 04818/ORSE
B92: Remoção e transporte de entulho em caminhão basculante - COMPOSIÇÃO 05 | H92: Produção da equipe [1]
H93: 1 | I93: m³
B94: Mão-de-obra | C94: Quant. | D94: Unid. | E94: Referência | H94: Salário hora | I94: Custo horário
B95: Servente com encargos complementares | C95: 0.3 | D95: H | E95: SINAPI | F95: 88316 | G95: C | H95: 20.2 | I95: 6.06
B96: Custo unitário total de mão de obra | I96: 6.06
X97: QUANT. | Y97: 1
B98: Materiais e/ou serviços | C98: Quant. | D98: Unid. | E98: Referência | H98: Valor R$ | I98: Custo unitário
B100: Caminhão basculante 6m³ | C100: 0.25 | D100: CHI | E100: SINAPI | F100: 5961 | G100: C | H100: 59.73 | I100: 14.93
B101: Caminhão basculante 6m³ | C101: 0.036 | D101: CHP | E101: SINAPI | F101: 5811 | G101: C | H101: 201.69 | I101: 7.26
B102: Custo unitário total dos materiais e/ou serviços | I102: 22.19
B104: CUSTO UNITÁRIO TOTAL | I104: 28.25
B105: B.D.I. = 21,99% | I105: 6.21
B106: PREÇO UNITÁRIO TOTAL | I106: 34.46
B107: FONTE: COMPOSIÇÃO ELABORADA
B109: Transporte de entulho c/ caminhão basculante 6 m³, rodovia pavimentada, DMT 0,5 a 1,0 km - COMPOSIÇÃO | H109: Produção da equipe [1]
H110: 1 | I110: m³
B111: Mão-de-obra | C111: Quant. | D111: Unid. | E111: Referência | H111: Salário hora | I111: Custo horário
B113: Custo unitário total de mão de obra | I113: 0
X114: QUANT. | Y114: 1
B115: Materiais e/ou serviços | C115: Quant. | D115: Unid. | E115: Referência | H115: Valor R$ | I115: Custo unitário | X115: ÁREA | Y115: #REF!
B116: caminhão basculante 6 m³, peso bruto total 16.000 kg, carga útil máxima 13.071 kg, distância entre eixos 4,80 m, potência 230 cv inclusive caçamba metálica - chi diurno | C116: 0.25 | D116: CHI | E116: SINAPI | F116: 5961 | G116: C | H116: 59.73 | I116: 14.93 | X116: LARGURA | Y116: 2
B117: caminhão basculante 6 m³, peso bruto total 16.000 kg, carga útil máxima 13.071 kg, distância entre eixos 4,80 m, potência 230 cv inclusive caçamba metálica - chp diurno | C117: 0.036 | D117: CHP | E117: SINAPI | F117: 5811 | G117: C | H117: 201.69 | I117: 7.26 | X117: LARGURA | Y117: 2
B118: Custo unitário total dos materiais e/ou serviços | I118: 22.19
B120: CUSTO UNITÁRIO TOTAL | I120: 22.19
B121: B.D.I. = 21,99% | I121: 4.88
B122: PREÇO UNITÁRIO TOTAL | I122: 27.07
B123: FONTE: COMPOSIÇÃO ELABORADA
B125: Forma plana para bloco em concreto armado, em madeira maciça, 04 usos, inclusive escoramento - COMPOSIÇÃO 15 | H125: Produção da equipe [1]
...

Sheet LSO
D6: REFERÊNCIAS:
B7: OBJETO: CONSTRUÇÃO DE PORTAL DE ENTRADA | D7: SINAPI: DEZEMBRO/2023
B8: LOCAL: ZONA URBANA - DEMERVAL LOBÃO | D8: ORSE: DEZEMBRO./2023
D9: #REF!
D10: TABELAS S/ DESONERAÇÃO
D11: BDI: 21,99% ; LSO: 114,54 %
B13: ENCARGOS SOCIAIS SOBRE A MÃO-DE-OBRA SEM DESONERAÇÃO
B15: CÓDIGO | C15: DESCRIÇÃO | D15: HORISTA (%) | E15: MENSALISTA (%)
B17: GRUPO A
B18: A1 | C18: INSS | D18: 0.2 | E18: 0.2
B19: A2 | C19: SESI | D19: 0.015 | E19: 0.015
B20: A3 | C20: SENAI | D20: 0.01 | E20: 0.01
B21: A4 | C21: INCRA | D21: 0.002 | E21: 0.002
B22: A5 | C22: SEBRAE | D22: 0.006 | E22: 0.006
B23: A6 | C23: SALÁRIO EDUCAÇÃO | D23: 0.025 | E23: 0.025
B24: A7 | C24: SEGURO CONTRA ACIDENTES NO TRABALHO | D24: 0.03 | E24: 0.03
B25: A8 | C25: FGTS | D25: 0.08 | E25: 0.08
B26: A9 | C26: SECONCI | D26: 0 | E26: 0
B27: A | C27: TOTAL DOS ENCARGOS SOCIAIS BÁSICOS | D27: 0.368 | E27: 0.368
B28: GRUPO B
B29: B1 | C29: REPOUSO SEMANAL REMUNERADO | D29: 0.1782 | E29: 0
B30: B2 | C30: FERIADOS | D30: 0.0395 | E30: 0
B31: B3 | C31: AUXILIO ENFERMIDADE | D31: 0.0085 | E31: 0.0064
B32: B4 | C32: 13º SALÁRIO | D32: 0.1109 | E32: 0.0833
B33: B5 | C33: LICENÇA PATERNIDADE | D33: 0.0006 | E33: 0.0004
B34: B6 | C34: FALTAS JUSTIFICADAS | D34: 0.0074 | E34: 0.0056
B35: B7 | C35: DIAS DE CHUVAS | D35: 0.0118 | E35: 0
B36: B8 | C36: AUXILIO ACIDENTE DE TRABALHO | D36: 0.001 | E36: 0.0008
B37: B9 | C37: FÉRIAS GOZADAS | D37: 0.1376 | E37: 0.1034
B38: B10 | C38: SALARIO MATERNIDADE | D38: 0.0004 | E38: 0.0003
B39: B | C39: TOTAL DOS ENCARGOS SOCIAIS QUE RECEBEM INCIDÊNCIAS DE A | D39: 0.4959 | E39: 0.2002
B40: GRUPO C
B41: C1 | C41: AVISO PREVIO IDENIZADO | D41: 0.0536 | E41: 0.0403
B42: C2 | C42: AVISO PREVIO TRABALHO | D42: 0.0013 | E42: 0.0009
B43: C3 | C43: FÉRIAS INDENIZADAS | D43: 0.0096 | E43: 0.0072
B44: C4 | C44: DEPOSITO RECISAO SEM JUSTA CAUSA | D44: 0.0252 | E44: 0.0189
B45: C5 | C45: IDENIZAÇÃO ADICIONAL | D45: 0.0045 | E45: 0.0034
B46: C | C46: TOTAL DOS ENCARGOS SOCIAIS QUE NÃO RECEBEM AS INCIDÊNCIAS GLOBAIS DE A | D46: 0.0942 | E46: 0.0707
B47: GRUPO D
B48: D1 | C48: REINCIDÊNCIA DE GRUPO A SOBRE GRUPO B | D48: 0.1825 | E48: 0.0737
B49: D2 | C49: REINCIDÊNCIA DE GRUPO A SOBRE AVISO PREVIO DE TRABALHO E REINCIDENCIAS DO FGTS SOBRE AVISO PREVIO INDENIZADO | D49: 0.0048 | E49: 0.0036
B50: D | C50: TOTAL DAS TAXAS DE INCIDÊNCIAS E REINCIDÊNCIAS | D50: 0.1873 | E50: 0.0773
B51: GRUPO E
B52: D2 | C52: TOTAL DOS ENCARGOS SOCIAIS COMPLEMENTARES | D52: 0 | E52: 0
B53: E | C53: TOTAL DAS TAXAS DE INCIDÊNCIAS E REINCIDÊNCIAS | D53: 0 | E53: 0
B54: TOTAL DOS ENCARGOS (A+B+C+D) | D54: 1.1454 | E54: 0.7162
B55: FONTE: SINAPI - SISTEMA NACIONAL DE PESQUISA DE CUSTOS E ÍNDICES DA CONSTRUÇÃO CIVIL

Sheet BDI
F6: REFERÊNCIAS:
B7: OBJETO: CONSTRUÇÃO DE PORTAL DE ENTRADA | F7: SINAPI: DEZEMBRO/2023
B8: LOCAL: ZONA URBANA - DEMERVAL LOBÃO | F8: ORSE: DEZEMBRO./2023
F9: #REF!
F10: TABELAS S/ DESONERAÇÃO
F11: BDI: 21,99% ; LSO: 114,54 %
A13: CÁLCULO DO BDI - BONIFICAÇÕES E DESPESAS INDIRETAS
B15: ITEM | C15: DESCRIÇÃO | E15: ÍNDICE (%) | F15: DENOMINAÇÃO
B16: 1.0 | C16: Taxa de administração central | E16: 4.4 | F16: AC
B17: 2.0 | C17: Taxa de seguro e garantia | E17: 0.8 | F17: S+G
B18: 3.0 | C18: Taxa da margem de incerteza (risco) do empreendimento | E18: 1.02 | F18: R
B19: 4.0 | C19: Taxas de despesas financeiros | E19: 1.11 | F19: DF
B20: 5.0 | C20: Taxa de margem de contribuição (benefício, lucro ou remuneração ) | E20: 7.17 | F20: L
B21: 6.0 | C21: Taxa de custos tributários (municipais, estaduais e federais) | E21: 5.65 | F21: I
B22: 6.1 | C22: COFINS - Contribuição para o Financiamento da Seguridade Social | E22: 3
B23: 6.2 | C23: PIS - Programa de Integração Social | E23: 0.65
B24: 6.3 | C24: ISS - Imposto Sobre Serviço | E24: 2
B25: 6.4 | C25: CPRB - Contribuição Previdênciária sobre a Receita Bruta | E25: 0
C27: FÓRMULA DE CÁLCULO DO BDI :
C29: BDI = { [ (1+AC+S+G+R) * (1+DF) * (1+L) ] / (1-I) } - 1
C31: BDI = 21,99% (SEM DESONERAÇÃO)
C32: *BDI SEM O ITEM 6.4- CPRB = 21,99%
B34: OBSERVAÇÕES:
B36: 1) A análise dos BDIs apresentados pelas empresas terá seu critério regido pelo ACÓRDÃO do TCU nº 2622/2013 - Plenário, que gerou a tabela abaixo com os limites para BDI para Construção de Edifícios:
B39: DESCRIÇÃO | D39: MÍNIMO | E39: MÉDIA | F39: MÁXIMO
B40: Administração Central | D40: 3 | E40: 4 | F40: 5.5
B41: Seguro e Garantia | D41: 0.8 | E41: 0.8 | F41: 1
B42: Risco | D42: 0.97 | E42: 1.27 | F42: 1.27
B43: Despesas Financeiras | D43: 0.59 | E43: 1.23 | F43: 1.39
B44: Lucro | D44: 6.16 | E44: 7.4 | F44: 8.96
B45: Tributos | D45: 5.65 | E45: 6.65 | F45: 8.65
B46: COFINS | D46: 3 | E46: 3 | F46: 3
B47: PIS | D47: 0.65 | E47: 0.65 | F47: 0.65
B48: ISS | D48: 2 | E48: 3 | F48: 5
B49: CPRB | D49: 0 | E49: 0 | F49: 0
B50: BDI | D50: 20.34 | E50: 22.12 | F50: 25
B51: * LIMITE PARA VERIFICAÇÃO DOS PERCENTUAIS MÍNIMO, MÉDIO E MÁXIMO PARA O BDI SEM A CPRB
B53: 2) Os tributos IRPJ e CSLL não devem integrar o cálculo do BDI, nem tampouco a planilha de custo direto, por se constituírem em tributos de natureza direta e personalística, que oneram pessoalmente o contratado, não devendo o ônus tributário ser repassado à contratante.
B56: 3) O tributo ISS para obra de engenharia deve ser considerado entre 2,0 a 5,0% conforme legislação tributária municipal. Para a Prefeitura Municipal de DEMERVAL LOBÃO, a alíquota cobrada é de 5% sobre a mão-de-obra de 40%, sendo cobrado no final 2% do valor total.
B58: 4) Foi inserido nos tributos a Contribuição Previdênciária sobre a Receita Bruta - CPRB de 0,00% de acordo com a Lei nº 12.844/13, alterada pela Lei nº 13.161/15 e Acórdão 2293-TCU-Plenário.
B60: 4) A Administração Local deverá ser discriminada na planilha de custos diretos com os percentuais regido pelo ACÓRDÃO nº 2622/2013 do TCU - Plenário conforme a tabela abaixo para Construção de Edifícios:
B63: DESCRIÇÃO | D63: MÍNIMO | E63: MÉDIA | F63: MÁXIMO
B64: Administração Local | D64: 3.49 | E64: 6.23 | F64: 8.87

Sheet Orç_Pav4
A1: =#REF! -> #REF! | I1: ESTADO | J1: =EST -> #NAME? | K1: TOTAL GERAL | L1: =TOT -> #NAME? | M1: =#REF! -> #REF! | N1: TIPO
A2: =#REF! -> #REF! | I2: PREFEITURA MUNICIPAL DE | J2: =PREF -> #NAME? | K2: TOTAL IDEAL | L2: =OGU+CPA -> 0 | M2: =#REF! -> #REF! | N2: =#REF! -> #REF!
I3: RECURSO OGU | J3: =OGU -> 0 | K3: DIFERENÇA | L3: =TID-TOT -> #NAME? | N3: =#REF! -> #REF!
A4: =#REF! -> #REF! | F4: =#REF! -> #REF! | I4: CONTRAPARTIDA | J4: =CPA -> 0 | K4: OBRA: | M4: =N2&N3&J2&M2 -> #REF!
A5: =#REF! -> #REF! | F5: =#REF! -> #REF! | I5: FATOR DE CPA | J5: =1-CPA/OGU -> #DIV/0! | K5: POPULAÇÃO | L5: =#REF! -> #REF!
A6: =#REF! -> #REF! | F6: =#REF! -> #REF! | I6: PROGRAMA | J6: =#REF! -> #REF! | K6: C. DE REPASSE | L6: =#REF! -> #REF!
I7: SINAPI | J7: =#REF! -> #REF! | K7: =#REF! -> #REF!
A8: =UPPER(L4&M4) -> #REF! | I8: DNIT | J8: =#REF! -> #REF! | K8: =#REF! -> #REF!
A10: ="PLANILHA ORÇAMENTÁRIA - "&#REF! -> #REF!
A12: ÍTEM | B12: D I S C R I M I N A Ç Ã O | C12: UNID. | D12: QUANT. | E12: V. UNIT. | F12: V. TOTAL | G12: FONTE | H12: CÓDIGO
A14: =#REF! -> #REF! | B14: =#REF! -> #REF!
A15: =#REF! -> #REF! | B15: =#REF! -> #REF! | C15: =#REF! -> #REF! | D15: =#REF! -> #REF! | E15: =#REF! -> #REF! | F15: =ROUND(D15*E15,2) -> #REF! | G15: ="DNIT-"&$K$8 -> #REF! | H15: 1 A 01 100 01 PI
A16: =#REF! -> #REF! | B16: =#REF! -> #REF! | C16: =#REF! -> #REF! | D16: =#REF! -> #REF! | E16: =#REF! -> #REF! | F16: =ROUND(D16*E16,2) -> #REF! | G16: ="DNIT-"&$K$8 -> #REF! | H16: 1 A 01 105 01 PI | J16: =2.8/0.08333 -> 33.601344
A17: =#REF! -> #REF! | B17: =#REF! -> #REF! | C17: =#REF! -> #REF! | D17: =#REF! -> #REF! | E17: =#REF! -> #REF! | F17: =ROUND(D17*E17,2) -> #REF! | G17: ="DNIT-"&$K$8 -> #REF! | H17: 2 S 01 100 01 PI
A18: =#REF! -> #REF! | B18: =#REF! -> #REF! | C18: =#REF! -> #REF! | D18: =#REF! -> #REF! | E18: =#REF! -> #REF! | F18: =ROUND(D18*E18,2) -> #REF! | G18: ="DNIT-"&$K$8 -> #REF! | H18: 1 A 01 120 01 PI
A19: =#REF! -> #REF! | B19: =#REF! -> #REF! | C19: =#REF! -> #REF! | D19: =#REF! -> #REF! | E19: =#REF! -> #REF! | F19: =ROUND(D19*E19,2) -> #REF! | G19: ="DNIT-"&$K$8 -> #REF! | H19: 3 S 09 001 00 PI
A20: =#REF! -> #REF! | B20: =#REF! -> #REF! | C20: =#REF! -> #REF! | D20: =#REF! -> #REF! | E20: =#REF! -> #REF! | F20: =ROUND(D20*E20,2) -> #REF! | G20: ="DNIT-"&$K$8 -> #REF! | H20: 2 S 01 511 00 PI
A21: =#REF! -> #REF! | B21: =#REF! -> #REF! | C21: =#REF! -> #REF! | D21: =#REF! -> #REF! | E21: =#REF! -> #REF! | F21: =ROUND(D21*E21,2) -> #REF! | G21: M. LOCAL | H21: SCS
F22: =SUM(F15:F21) -> #REF!
A23: =#REF! -> #REF! | B23: =#REF! -> #REF!
A24: =#REF! -> #REF! | B24: =#REF! -> #REF! | C24: =#REF! -> #REF! | D24: =#REF! -> #REF! | E24: =#REF! -> #REF! | F24: =ROUND(D24*E24,2) -> #REF! | G24: ="SINAPI-"&$K$7 -> #REF! | H24: 72799
A25: =#REF! -> #REF! | B25: =#REF! -> #REF! | C25: =#REF! -> #REF! | D25: =#REF! -> #REF! | E25: =#REF! -> #REF! | F25: =ROUND(D25*E25,2) -> #REF! | G25: ="SINAPI-"&$K$7 -> #REF! | H25: 72971
F26: =SUM(F24:F25) -> #REF!
A27: =#REF! -> #REF! | B27: =#REF! -> #REF!
A28: =#REF! -> #REF! | B28: =#REF! -> #REF! | C28: =#REF! -> #REF! | D28: =#REF! -> #REF! | E28: =#REF! -> #REF! | F28: =ROUND(D28*E28,2) -> #REF! | G28: ="SINAPI-"&$K$7 -> #REF! | H28: 79472
A29: =#REF! -> #REF! | B29: =#REF! -> #REF! | C29: =#REF! -> #REF! | D29: =#REF! -> #REF! | E29: =#REF! -> #REF! | F29: =ROUND(D29*E29,2) -> #REF! | G29: ="SINAPI-"&$K$7 -> #REF! | H29: 72799
A30: =#REF! -> #REF! | B30: =#REF! -> #REF! | C30: =#REF! -> #REF! | D30: =#REF! -> #REF! | E30: =#REF! -> #REF! | F30: =ROUND(D30*E30,2) -> #REF! | G30: ="SINAPI-"&$K$7 -> #REF! | H30: 72971
A31: =#REF! -> #REF! | B31: =#REF! -> #REF! | C31: =#REF! -> #REF! | D31: =#REF! -> #REF! | E31: =#REF! -> #REF! | F31: =ROUND(D31*E31,2) -> #REF! | G31: ="SINAPI-"&$K$7 -> #REF! | H31: 74223/001
A32: =#REF! -> #REF! | B32: =#REF! -> #REF! | C32: =#REF! -> #REF! | D32: =#REF! -> #REF! | E32: =#REF! -> #REF! | F32: =ROUND(D32*E32,2) -> #REF! | G32: ="SINAPI-"&$K$7 -> #REF! | H32: 74223/001
F33: =SUM(F28:F32) -> #REF!
A34: =#REF! -> #REF! | B34: =#REF! -> #REF!
A35: =#REF! -> #REF! | B35: =#REF! -> #REF! | C35: =#REF! -> #REF! | D35: =#REF! -> #REF! | E35: =#REF! -> #REF! | F35: =ROUND(D35*E35,2) -> #REF! | G35: ="SINAPI-"&$K$7 -> #REF! | H35: 74223/001
A36: =#REF! -> #REF! | B36: =#REF! -> #REF! | C36: =#REF! -> #REF! | D36: =#REF! -> #REF! | E36: =#REF! -> #REF! | F36: =ROUND(D36*E36,2) -> #REF! | G36: ="SINAPI-"&$K$7 -> #REF! | H36: 74223/001
A37: =#REF! -> #REF! | B37: =#REF! -> #REF! | C37: =#REF! -> #REF! | D37: =#REF! -> #REF! | E37: =#REF! -> #REF! | F37: =ROUND(D37*E37,2) -> #REF! | G37: ="SINAPI-"&$K$7 -> #REF! | H37: SCS
F38: =SUM(F35:F37) -> #REF!
A39: =#REF! -> #REF! | B39: =#REF! -> #REF!
A40: =#REF! -> #REF! | B40: =#REF! -> #REF! | C40: =#REF! -> #REF! | D40: =#REF! -> #REF! | E40: =#REF! -> #REF! | F40: =ROUND(D40*E40,2) -> #REF! | G40: ="SINAPI-"&$K$7 -> #REF! | H40: SCS
F41: =SUM(F40:F40) -> #REF!
A43: TOTAL GERAL (R$) | F43: =SUM(F14:F41)/2 -> #REF! | I43: =IF((F22+F26+F33+F38+F41)=F43,"OK","CORRIGIR") -> #REF!
B45: ="Observações: Preços coletados na Tabela SINAPI "&#REF!&" - Teresina e Mercado Local." -> #REF!
B47: Convenções:
B48: M. LOCAL = PREÇOS COLETADOS NO MERCADO LOCAL
B49: ORSE = ORÇAMENTO DE OBRAS DE SERGIPE
B50: SEINFRA-CE = SECRETARIA DE INFRAESTRUTURA DO CEARÁ
B51: SCS = SEM COMPOSIÇÃO SIMILAR NO SINAPI
B52: SIS = SEM INSUMO SMILAR
B53: JVC = JUNÇÃO DE VÁRIAS COMPOSIÇÕES
B54: P = PROPORCIONAL
B55: A = ADAPTADO
B56: CC = COMPOSIÇÃO DE CUSTO
B57: SC = PREÇO DO INSUMO ORIGINAL É SEM CONEXÕES
B58: TCU = DE ACORDO COM O TRIBUNAL DE CONTAS DA UNIÃO
